 Dungeon Crawl Stone Soup version 0.24-a0-769-g368c1644f8 (webtiles) character file.

Game seed: 2193720394590698768, levelgen mode: deterministic

12149 Peloso the Carver (level 11, -1/96 (97) HPs)
             Began as a Minotaur Fighter on Oct 5, 2019.
             Was an Initiate of Gozag.
             Slain by a howler monkey (5 damage)
             ... on level 11 of the Dungeon.
             The game lasted 00:19:33 (9650 turns).

Peloso the Carver (Minotaur Fighter)                Turns: 9650, Time: 00:19:34

HP:   -1/96 (97)    AC: 12    Str: 22    XL:     11   Next: 58%
MP:   10/10         EV: 15    Int:  5    God:    Gozag
Gold: 1944          SH: 14    Dex: 21    Spells: 10/10 levels left

rFire    + . .     SeeInvis +   a - +2 long sword (curse)
rCold    . . .     Gourm    .   c - +1 shield
rNeg     . . .     Faith    .   b - +1 chain mail {rF+}
rPois    .         Spirit   .   (helmet restricted)
rElec    +         Reflect  .   (no cloak)
rCorr    .         Harm     .   (no gloves)
MR       +....                  (no boots)
Stlth    +.........             r - amulet of the acrobat
HPRegen  0.26/turn              g - +4 ring of dexterity
MPRegen  0.12/turn              C - ring "Woxixawo" {rElec MR+ SInv Stlth+}

@: agile, gold aura, lightly drained
A: retaliatory headbutt, horns 2
a: Potion Petition, Call Merchant, Bribe Branch, Renounce Religion


You were on level 11 of the Dungeon.
You worshipped Gozag.
Gozag was most pleased with you.
You were near starving.

You visited 2 branches of the dungeon, and saw 12 of its levels.

You collected 1989 gold pieces.
You paid 45 gold pieces to Gozag.

Inventory:

Hand Weapons
 a - a cursed +2 long sword (weapon)
Armour
 b - a +1 chain mail of fire resistance (worn)
 c - a +1 shield (worn)
Jewellery
 g - a +4 ring of dexterity (left hand)
 h - an uncursed ring of see invisible
 n - an uncursed ring of resist corrosion
 r - an amulet of the acrobat (around neck)
 t - an uncursed ring of protection from magic
 w - an uncursed ring of magical power
 C - the ring "Woxixawo" (right hand) {rElec MR+ SInv Stlth+}
   (You found it on level 8 of the Dungeon)

   [ring of protection from magic]

   It insulates you from electricity.
   It affects your resistance to hostile enchantments.
   It lets you see invisible.
   It makes you more stealthy.
Wands
 d - a wand of acid (6)
 l - a wand of scattershot (3)
 y - a wand of digging (10)
 D - a wand of iceblast (10)
 E - a wand of enslavement (9)
Scrolls
 i - 2 scrolls of teleportation
 j - 9 scrolls of identify
 k - 2 scrolls of remove curse
 m - 4 scrolls of fear
 u - a scroll of enchant weapon {unknown}
 v - 2 scrolls of magic mapping
 x - a scroll of blinking {unknown}
 B - a scroll of enchant armour
 G - a scroll of random uselessness {unknown}
 H - a scroll of fog {unknown}
Potions
 o - 2 potions of mutation
 p - a potion of flight {unknown}
 q - 2 potions of lignification {unknown}
 s - 3 potions of curing
 z - a potion of berserk rage {unknown}
 A - 2 potions of magic {unknown}
 F - 2 potions of degeneration {unknown}
Comestibles
 f - 12 rations


   Skills:
 + Level 9.3 Fighting
 + Level 13.2(13.1) Long Blades
 + Level 9.9(9.8) Armour
 + Level 3.5(3.4) Dodging
 + Level 2.2 Stealth
 + Level 11.8(11.7) Shields
 + Level 0.1(0.0) Evocations


You had 10 spell levels left.
You didn't know any spells.
Your spell library contained the following spells:

 Spells                   Type           Power        Failure   Level  Hunger
 Confusing Touch          Hex            #.....       99%         1    ##.....
 Confuse                  Hex            #.......     100%        3    ####...
 Gell's Gravitas          Tloc           #.........   100%        3    ####...
 Cause Fear               Hex            #.........   100%        4    #####..
 Petrify                  Tmut/Erth      #.......     100%        4    #####..
 Metabolic Englaciation   Hex/Ice        #.........   100%        5    ######.
 Silence                  Hex/Air        #.........   100%        5    ######.
 Yara's Violent Unravell  Hex/Tmut       #.........   100%        5    ######.
 Deflect Missiles         Chrm/Air       #.........   100%        6    #######
 Discord                  Hex            #.........   100%        8    #######


Dungeon Overview and Level Annotations

Branches:
Dungeon (11/15)            Temple (1/1) D:4            Lair (0/6) D:8
    Orc: D:9-12

Altars:
Ashenzari
Dithmenos
Elyvilon
Fedhas
Gozag
Hepliaklqana
Kikubaaqudgha
Nemelex Xobeh
Okawaru
Qazlal
Ru
Sif Muna
Trog
Uskayaw
Vehumet
Wu Jian
Xom
Yredelemnul
Zin
The Shining One

Shops:
D:9 (%

Annotations:
D:11 Snorg


Innate Abilities, Weirdness & Mutations

You reflexively headbutt those who attack you in melee.
You have a pair of horns on your head.


Message History

* * * LOW HITPOINT WARNING * * *
You block Snorg's attack.
Unknown command.
You closely miss Snorg. You headbutt Snorg!
Snorg is severely wounded.
A centaur comes into view.
The howler monkey hoots and howls with incredible vigour!
You block Snorg's attack. x2; Snorg closely misses you.
The howler monkey closely misses you. You furiously retaliate!
You headbutt the howler monkey, but do no damage.
You riposte.
You slash the howler monkey!
You kill the howler monkey!
You hear a shout!
You hear a howl!
You hear a shout! x2
You slash Snorg! You headbutt Snorg!
Snorg is severely wounded.
You block Snorg's attack. Snorg claws you!
* * * LOW HITPOINT WARNING * * *
Snorg closely misses you. The howler monkey hits you.
You die...
Your body crumbles into a pile of gold.

...#.#. #........
#........
#################........
$
...............<......c.!
...................h.....
...........[)..........?.
..........)).....$?......
....<.[.........@ho......
#################T....^..
#....?... #........
#........ #........
#........ #........


You could see Snorg (berserk), a centaur, a howler monkey, a hound and an orc.

Vanquished Creatures
  Erolcha (D:9)
  2 two-headed ogres
  3 death yaks (D:8)
  Pikel (D:8)
  3 centaur zombies
  A queen bee (D:8)
  A troll (D:10)
  Prince Ribbit (D:5)
  A hippogriff (D:10)
  A wraith (D:10)
  3 hungry ghosts
  Edmund (D:5)
  A water moccasin (D:7)
  A porcupine (D:8)
  2 orc warriors
  A slave (D:8)
  2 sky beasts
  A phantom (D:9)
  5 ogres
  A necrophage (D:9)
  7 centaurs
  11 bullfrogs
  5 scorpions
  28 killer bees
  6 wights
  4 howler monkeys
  2 crimson imps
  A bullfrog zombie (D:10)
  6 orc priests
  9 hounds
  2 bullfrog skeletons
  6 orc wizards
  A centaur skeleton (D:5)
  5 iguanas
  3 worker ants
  3 hell rats (D:8)
  A hound skeleton (D:4)
  4 gnolls (D:7)
  9 adders
  A howler monkey skeleton (D:8)
  2 shadow imps
  An ooze (D:1)
  2 adder zombies
  5 adder skeletons
  A worm (D:3)
  3 dart slugs
  3 leopard geckos
  48 orcs
  A ball python (D:3)
  7 giant cockroaches
  7 goblins
  4 hobgoblins
  13 jackals
  4 kobolds
  11 quokkas
  10 bats
  7 frilled lizards
  A leopard gecko skeleton (D:7)
  7 rats
284 creatures vanquished.

Vanquished Creatures (others)
  3 slaves (D:8)
  An ogre (D:8)
4 creatures vanquished.

Grand Total: 288 creatures vanquished

Notes
Turn   | Place    | Note
-------+----------+-------------------------------------------
     0 | D:1      | Peloso the Minotaur Fighter began the quest for the Orb.
     0 | D:1      | Reached XP level 1. HP: 19/19 MP: 0/0
    84 | D:1      | Reached XP level 2. HP: 27/27 MP: 1/1
   582 | D:2      | Reached skill level 3 in Long Blades
   582 | D:2      | Reached XP level 3. HP: 19/33 MP: 2/2
  1732 | D:3      | Reached XP level 4. HP: 38/40 MP: 3/3
  1743 | D:3      | Reached skill level 1 in Dodging
  1744 | D:3      | Reached skill level 4 in Long Blades
  1746 | D:3      | Reached XP level 5. HP: 26/47 MP: 4/4
  2359 | D:4      | Reached skill level 5 in Shields
  2359 | D:4      | Reached XP level 6. HP: 42/55 MP: 5/5
  2361 | D:4      | Found a staircase to the Ecumenical Temple.
  2377 | Temple   | Entered the Ecumenical Temple
  2384 | Temple   | Became a worshipper of Gozag Ym Sagoz the Greedy
  2586 | D:4      | Reached skill level 5 in Long Blades
  2704 | D:4      | Noticed a sky beast
  2713 | D:4      | Killed a sky beast
  2713 | D:4      | Reached skill level 5 in Fighting
  2713 | D:4      | Reached skill level 5 in Armour
  2837 | D:4      | Reached XP level 7. HP: 58/61 MP: 6/6
  2872 | D:4      | Reached skill level 6 in Long Blades
  3069 | D:5      | Entered Level 5 of the Dungeon
  3137 | D:5      | Noticed Prince Ribbit
  3152 | D:5      | Killed Prince Ribbit
  3295 | D:5      | Noticed Edmund
  3321 | D:5      | Killed Edmund
  3321 | D:5      | Reached skill level 7 in Long Blades
  3397 | D:4      | Found a sacrificial altar of Ru.
  3591 | D:5      | Reached XP level 8. HP: 69/69 MP: 7/7
  3665 | D:5      | Found a shadowy altar of Dithmenos.
  3680 | D:5      | Found a blossoming altar of Fedhas.
  3680 | D:5      | Found a shattered altar of Ashenzari.
  3680 | D:5      | Found a white marble altar of Elyvilon.
  3682 | D:5      | Found a sparkling altar of Nemelex Xobeh.
  3684 | D:5      | Found an iron altar of Okawaru.
  3686 | D:5      | Found a hide-covered altar of Uskayaw.
  4049 | D:6      | Reached skill level 1 in Stealth
  4202 | D:6      | Reached skill level 8 in Long Blades
  4689 | D:6      | Reached skill level 9 in Long Blades
  4919 | D:7      | Reached XP level 9. HP: 56/78 MP: 8/8
  5718 | D:7      | Reached skill level 10 in Long Blades
  5919 | D:6      | Found an ornate altar of the Wu Jian Council.
  5919 | D:6      | Found a bloodstained altar of Trog.
  5922 | D:6      | Found a hazy altar of Hepliaklqana.
  6088 | D:8      | Noticed a death yak
  6091 | D:8      | Noticed a death yak
  6106 | D:8      | Noticed a death yak
  6109 | D:8      | Killed a death yak
  6109 | D:8      | Reached XP level 10. HP: 51/86 MP: 9/9
  6118 | D:8      | Killed a death yak
  6118 | D:8      | Reached skill level 11 in Long Blades
  6125 | D:8      | Killed a death yak
  6275 | D:8      | Found a staircase to the Lair.
  6471 | D:8      | Got a translucent lead ring
  6645 | D:8      | Noticed Pikel
  6658 | D:8      | Killed Pikel
  6792 | D:8      | Reached skill level 12 in Long Blades
  6807 | D:8      | Reached skill level 10 in Shields
  7503 | D:8      | Noticed a two-headed ogre
  7533 | D:8      | Killed a two-headed ogre
  7533 | D:8      | Reached XP level 11. HP: 57/95 MP: 10/10
  7753 | D:8      | Got a bloodstained glaive
  7754 | D:8      | Identified the +9 glaive of Uncertain Death {venom, MR+
                  | Dex+8} (You found it on level 8 of the Dungeon)
  7758 | D:8      | Identified the ring "Woxixawo" {rElec MR+ SInv Stlth+} (You
                  | found it on level 8 of the Dungeon)
  8021 | D:9      | Noticed a two-headed ogre
  8035 | D:9      | Killed a two-headed ogre
  8314 | D:9      | Found Poed's Food Emporium.
  8369 | D:9      | Noticed Erolcha
  8405 | D:9      | Killed Erolcha
  8420 | D:9      | Found Vulygaem's Weapon Shoppe.
  8722 | D:10     | Entered Level 10 of the Dungeon
  8743 | D:10     | Reached skill level 13 in Long Blades
  8820 | D:10     | Found a bloodstained altar of Trog.
  9632 | D:11     | Noticed Snorg
  9650 | D:11     | HP: 4/96 [Snorg (11)]
  9650 | D:11     | Slain by a howler monkey

Levels and vault maps discovered:
D:1:      saegor_arrival_simple_a, layout_loops_ring
D:2:      layout_basic
D:3:      layout_rooms, first_ration, roderic_cross_of_infinity,
          dk_noncrumbling_4
D:4:      lemuel_upstairs_altar, layout_loops_ring,
          minmay_temple_entry_sparse_star
D:5:      layout_loops_corners, minitemple, uniq_prince_ribbit1, uniq_edmund
D:6:      layout_loops_ring, nicolae_overflow_hidden_temple
D:7:      layout_cave_pods
D:8:      minmay_octagon_keep, layout_loops_ring, dpeg_lair_monsters,
          serial_glass, glass_columns_a, glass_columns_a, glass_columns_b,
          glass_columns_a, glass_columns_b, glass_columns_c, glass_columns_b,
          glass_columns_a, glass_columns_a, glass_columns_a, glass_columns_a,
          glass_columns_a, glass_columns_a, glass_columns_b, david_nohive_1,
          uniq_pikel
D:9:      layout_rooms, serial_shops, shop, nicolae_shop_statue_plus,
          uniq_erolcha
D:10:     layout_gridville, basic_altar, hangedman_decor_riveting
D:11:     layout_cross, minmay_shattered_shrine, uniq_grum, uniq_snorg
Temple:   nicolae_temple_x_marks_the_god

Skill      XL: |  1  2  3  4  5  6  7  8  9 10 11 |
---------------+----------------------------------+-----
Shields        | 4 5 6 7 9 10 11 | 11.8
Fighting       | 4 5 6 7 8 9 |  9.3
Long Blades    | 3 4 5 7 9 10 12 13 | 13.2
Armour         | 4 5 7 8 9 |  9.9
Dodging        | 1 2 3 |  3.5
Stealth        | 1 2 |  2.2
Evocations     | |  0.1

Action                   |  1- 3 |  4- 6 |  7- 9 | 10-12 || total
-------------------------+-------+-------+-------+-------++-------
Melee: Long sword        |    85 |   153 |   201 |    13 ||   452
       Headbutt          |    16 |    34 |   106 |   122 ||   278
       Falchion          |       |       |   159 |   446 ||   605
Evoke: Wand              |       |       |     1 |       ||     1
  Use: Scroll            |     3 |       |     4 |     2 ||     9
       Potion            |     1 |       |     5 |     5 ||    11
 Stab: Distracted        |       |     1 |     1 |     2 ||     4
       Invisible         |       |       |     2 |       ||     2
  Eat: Chunk             |     3 |     1 |       |       ||     4
       Ration            |       |     1 |     3 |     4 ||     8
Armor: Scale mail        |    38 |     6 |       |       ||    44
       Chain mail        |       |    62 |   122 |    81 ||   265
Dodge: Dodged            |    35 |    50 |    86 |   130 ||   301
Block: Shield            |    37 |   111 |   193 |   246 ||   587
       Rpst.: Long sword |     8 |    11 |    16 |     4 ||    39
       Falchion          |       |       |     7 |    41 ||    48

Table legend:
 A = Non-vault XP
 B = Vault XP
 C = Vault XP percentage of total XP
 D = Non-vault monster count
 E = Vault monster count
 F = Vault count percentage of total count
                 A         B        C        D         E       F
            +---------+---------+-------+---------+---------+-------
      Total |    9972 |    7385 |  42.5 |     245 |      38 |  13.4
            +---------+---------+-------+---------+---------+-------
        D:1 |      31 |       0 |   0.0 |      14 |       0 |   0.0
        D:2 |      49 |       0 |   0.0 |      21 |       0 |   0.0
        D:3 |     180 |       0 |   0.0 |      36 |       0 |   0.0
        D:4 |     599 |       0 |   0.0 |      29 |       0 |   0.0
        D:5 |     287 |     445 |  60.8 |       8 |       2 |  20.0
        D:6 |    1075 |       0 |   0.0 |      27 |       0 |   0.0
        D:7 |    1480 |       0 |   0.0 |      35 |       0 |   0.0
        D:8 |    1628 |    5936 |  78.5 |      21 |      35 |  62.5
        D:9 |    2506 |    1004 |  28.6 |      33 |       1 |   2.9
       D:10 |    1844 |       0 |   0.0 |      15 |       0 |   0.0
       D:11 |     293 |       0 |   0.0 |       6 |       0 |   0.0
            +---------+---------+-------+---------+---------+-------
